 Dungeon Crawl Stone Soup version 0.28-a0-1147-gc7b72d3202 (webtiles) character file.

Game seed: 5121095535874264062

2674 ChaosChampion the Thaumaturge (level 9, -11/45 HPs)
             Began as a Deep Elf Conjurer on Dec 14, 2021.
             Was a Follower of Vehumet.
             Killed from afar by Maggie (22 damage)
             ... with a bolt of fire
             ... on level 7 of the Dungeon.
             The game lasted 00:16:47 (9877 turns).

ChaosChampion the Thaumaturge (Deep Elf Conjurer)   Turns: 9877, Time: 00:16:47

Health: -11/45     AC:  5    Str:  4    XL:     9   Next: 37%
Magic:  1/25       EV:  6    Int: 26    God:    Vehumet [*.....]
Gold:   279        SH:  0    Dex: 13    Spells: 22/29 levels left

rFire   . . .      SeeInvis .   (no weapon)
rCold   . . .      Faith    .   (no shield)
rNeg    . . .      Spirit   .   a - +1 robe
rPois   .          Reflect  .   (no helmet)
rElec   +          Harm     .   (no cloak)
rCorr   .          Rampage  .   u - +0 pair of gloves
Will    .....                   t - +0 pair of boots
Stlth   ++........              (no amulet)
HPRegen 0.15/turn               (no ring)
MPRegen 0.19/turn               (no ring)

@: mesmerised, held, unable to read
A: dopey 1, electricity resistance, wild magic 1, inability to read while
threatened
a: Renounce Religion


You were on level 7 of the Dungeon.
You worshipped Vehumet.
Vehumet was aware of your devotion.
You visited 2 branches of the dungeon, and saw 8 of its levels.
You also visited: Sewer.

You collected 357 gold pieces.
You spent 78 gold pieces at shops.

Inventory:

Missiles
 l - 36 poisoned darts
Armour
 a - a +1 robe (worn)
 t - a +0 pair of boots (worn)
 u - a +0 pair of gloves (worn)
Magical Staves
 o - a staff of fire
Jewellery
 r - an amulet of the acrobat
Wands
 h - a wand of flame (17) (quivered)
Scrolls
 b - 4 scrolls of fear
 c - a scroll of silence
 f - a scroll of blinking
 i - a scroll of fog {unknown}
 j - 3 scrolls of identify
 p - a scroll of holy word
Potions
 d - a potion of might
 e - a potion of brilliance {unknown}
 g - 2 potions of attraction {unknown}
 k - a potion of cancellation {unknown}
 m - a potion of curing
 n - a potion of haste {unknown}
 s - a potion of magic {unknown}


   Skills:
 + Level 3.4 Short Blades
 - Level 2.4 Dodging
 - Level 2.4 Stealth
 + Level 10.9 Spellcasting
 + Level 9.3 Conjurations
 - Level 6.0 Translocations


You had 22 spell levels left.
You knew the following spells:

 Your Spells              Type           Power      Damage    Failure   Level
a - Magic Dart            Conj           100%       1d8       1%          1
b - Searing Ray           Conj           100%       2d8       1%          2
d - Iskenderun's Mystic   Conj/Tloc      63%        2d13      3%          4

Your spell library contained the following spells:

 Spells                   Type           Power      Damage    Failure   Level
 Shock                    Conj/Air       100%       1d9       1%          1
 Dazzling Flash           Conj/Hex       98%        N/A       3%          3
 Pain                     Necr           72%        1d7       7%          1
 Fulminant Prism          Conj/Hex       24%        3d13      10%         4
 Frozen Ramparts          Ice            36%        1d5       19%         3
 Ice Form                 Ice/Tmut       18%        N/A       47%         4
 Summon Ice Beast         Ice/Summ       18%        N/A       47%         4
 Agony                    Necr           18%        N/A       82%         5
 Excruciating Wounds      Necr           9%         N/A       82%         5


Dungeon Overview and Level Annotations

Branches:
Dungeon (7/15)             Temple (1/1) D:6           Sewer (visited)

Altars:
Ashenzari
Dithmenos
Elyvilon
Fedhas
Gozag
Hepliaklqana
Kikubaaqudgha
Makhleb
Nemelex Xobeh
Okawaru
Qazlal
Ru
Sif Muna
Trog
Uskayaw
Vehumet
Wu Jian
Xom
Zin
The Shining One

Shops:
D:5 *   D:6 *

Annotations:
D:5 1 runed translucent door
D:6 2 transporters, exclusion: downstairs, xoxolimbo's ghost, amateur DsFE
D:7 Maggie


Innate Abilities, Weirdness & Mutations

You are dopey. (Int -2)
You are resistant to electric shocks. (rElec)
Your spells are a little harder to cast, but a little more powerful.
You sometimes lose the ability to read scrolls when taking damage.


Message History

Confirm with . or Enter, or press ? or * to list all spells.
Restarting spell: Searing Ray (safe; 1% risk of failure)
Press: ? - help, Shift-Dir - straight line, f/p - Maggie
Aim: Maggie, wielding a +0 long sword and wearing +0 steam dragon scales (moderately wounded, mesmerising, 83% to hit)
The searing ray misses Maggie.
The searing ray misses the gnoll sergeant. (Press . to maintain the ray.)
The jackal barks!
Maggie casts a spell at you. The bolt of fire hits you!
You feel threatened and lose the ability to read scrolls!
The searing ray hits Maggie!
Maggie is heavily wounded.
The gnoll throws a boomerang.
The boomerang hits you.
* * * LOW HITPOINT WARNING * * *
A gnoll comes into view.
Casting: Searing Ray (safe; 1% risk of failure)
Confirm with . or Enter, or press ? or * to list all spells.
You erupt in a blast of force!
The mystic blast hits the gnoll sergeant!
The gnoll sergeant is heavily wounded.
The gnoll sergeant is knocked back by the mystic blast.
The mystic blast hits Maggie!
Maggie is severely wounded.
Maggie is knocked back by the mystic blast.
Maggie slams into the rock wall!
Maggie is severely wounded.
You hear a bark!
A gnoll shaman comes into view. It is wielding a +0 whip.
Casting: Iskenderun's Mystic Blast (dangerous; 3% risk of failure)
Confirm with . or Enter, or press ? or * to list all spells.
Aiming: Searing Ray (safe; 1% risk of failure)
Press: ? - help, Shift-Dir - straight line, f/p - Maggie
Aim: Maggie, wielding a +0 long sword and wearing +0 steam dragon scales (severely wounded, mesmerising, 83% to hit)
The searing ray hits Maggie.
Maggie is severely wounded. (Press . to maintain the ray.) Maggie points at you and mumbles some strange words.
The bolt of fire hits the gnoll.
The bolt of fire hits you!!
You die...

.... ... .. .# #..# ..#
########### ## #..##.#
####.........# #
#......##............. .
#.....##........###...
.g#......##.##...## ##..
...@.........#..## ##.
...gg........#..# #.
...h)).@#.##....## ##.
.g#.(...###......#+++#..
#....## #..#..........
#.... #...#.......... #
#....###..##..........
.#
#..........###.........
...
....#...................
#..#
##^.##.........)........
#.. ..........##.)#####


You could see Maggie (mesmerising), a gnoll sergeant, a gnoll shaman, 2 gnolls
and a jackal.

Vanquished Creatures
  A wyvern (D:7)
  Duvessa (D:6)
  A water moccasin (D:4)
  An ice beast (D:7)
  2 black bears
  2 ogres (D:7)
  A sky beast (D:7)
  2 bullfrogs (Sewer)
  3 gnoll sergeants
  6 scorpions (D:5)
  Dowan (D:6)
  A killer bee (D:5)
  A centaur zombie (D:5)
  4 crimson imps (D:6)
  A jelly (D:6)
  A bullfrog skeleton (D:7)
  An orc priest (D:7)
  A gnoll shaman (D:7)
  4 hounds
  Natasha (thrice) (D:4)
  2 orc wizards (D:7)
  A hound skeleton (D:5)
  Robin (D:2)
  19 gnolls
  12 adders
  4 river rats (D:5)
  An ufetubus (D:4)
  8 worms
  3 dart slugs
  9 orcs
  9 endoplasms
  10 giant cockroaches
  14 goblins
  7 hobgoblins
  A jackal (D:7)
  6 quokkas
  8 ball pythons
  2 bats
  10 frilled lizards
  2 kobolds
  2 rats
  3 butterflies (D:5)
172 creatures vanquished.

Vanquished Creatures (others)
  4 plants (D:6)
4 creatures vanquished.

Grand Total: 176 creatures vanquished

Notes
Turn   | Place    | Note
-------+----------+-------------------------------------------
     0 | D:1      | ChaosChampion the Deep Elf Conjurer began the quest for the
                  | Orb.
     0 | D:1      | Reached XP level 1. HP: 10/10 MP: 6/6
   469 | D:1      | Reached XP level 2. HP: 15/15 MP: 5/8
   472 | D:1      | Learned a level 2 spell: Searing Ray
   825 | D:1      | Found a faded altar of an unknown god.
   906 | D:2      | Reached skill level 4 in Spellcasting
   907 | D:2      | Noticed Robin
   917 | D:2      | Reached XP level 3. HP: 15/19 MP: 0/10
  1001 | D:2      | Killed Robin
  1504 | D:2      | Reached skill level 5 in Spellcasting
  1819 | D:2      | Reached skill level 5 in Conjurations
  1819 | D:2      | Reached XP level 4. HP: 24/24 MP: 9/13
  2029 | D:2      | Learned a level 4 spell: Iskenderun's Mystic Blast
  2203 | D:3      | Found a shimmering blue altar of Sif Muna.
  3008 | D:3      | Found a shadowy altar of Dithmenos.
  3008 | D:3      | Found a stormy altar of Qazlal.
  3016 | D:3      | Found a faded altar of an unknown god.
  3018 | D:3      | Found an ancient bone altar of Kikubaaqudgha.
  3020 | D:3      | Found a faded altar of an unknown god.
  3189 | D:4      | Noticed a water moccasin
  3195 | D:4      | Killed a water moccasin
  3196 | D:4      | Reached skill level 6 in Spellcasting
  3196 | D:4      | Reached XP level 5. HP: 28/28 MP: 2/15
  3385 | D:4      | Noticed Natasha
  3390 | D:4      | Killed Natasha
  3397 | D:4      | Reached XP level 6. HP: 20/32 MP: 6/17
  3662 | D:4      | Noticed Natasha
  3669 | D:4      | Killed Natasha
  3908 | D:4      | Noticed Natasha
  3914 | D:4      | Killed Natasha
  3983 | D:4      | Found a white marble altar of Elyvilon.
  4450 | D:5      | Entered Level 5 of the Dungeon
  4453 | D:5      | Gained mutation: Your magical capacity is low. (-10% MP)
                  | [potion of mutation]
  4454 | D:5      | Lost mutation: Your magical capacity is low. (-10% MP)
                  | [potion of mutation]
  4454 | D:5      | Gained mutation: Your spells are a little harder to cast,
                  | but a little more powerful. [potion of mutation]
  4454 | D:5      | Gained mutation: You are dopey. (Int -2) [potion of
                  | mutation]
  4454 | D:5      | Gained mutation: You sometimes lose the ability to read
                  | scrolls when taking damage. [potion of mutation]
  4454 | D:5      | Gained mutation: You are resistant to electric shocks.
                  | (rElec) [potion of mutation]
  4713 | D:5      | Reached XP level 7. HP: 25/36 MP: 3/19
  4812 | D:5      | Reached skill level 7 in Spellcasting
  4854 | D:5      | Found a glowing drain.
  4864 | Sewer    | Entered a sewer
  5367 | Sewer    | Reached skill level 5 in Translocations
  5488 | Sewer    | Identified the +1 chain mail "Kueqiss" {Dex+5}
  5714 | D:5      | Found Heirgh's Assorted Antiques.
  5729 | D:5      | Bought a golden potion for 24 gold pieces
  5729 | D:5      | Bought a scroll labelled HAUN VEMUEPP for 27 gold pieces
  5729 | D:5      | Bought a scroll labelled HAUN VEMUEPP for 27 gold pieces
  5824 | D:5      | Found a runed translucent door.
  5826 | D:5      | Found a runed translucent door.
  5835 | D:5      | Reached skill level 8 in Spellcasting
  5835 | D:5      | Reached XP level 8. HP: 30/41 MP: 7/22
  6730 | D:6      | Reached skill level 9 in Spellcasting
  6927 | D:6      | Found a staircase to the Ecumenical Temple.
  6959 | Temple   | Entered the Ecumenical Temple
  7192 | Temple   | Became a worshipper of Vehumet
  7291 | D:6      | Found Ducon's General Store.
  7312 | D:6      | Found a shimmering altar of Xom.
  7448 | D:6      | Found a hide-covered altar of Uskayaw.
  7464 | D:6      | Found a transporter.
  7464 | D:6      | Noticed xoxolimbo's ghost (amateur DsFE)
  7465 | D:6      | Noticed a two-headed ogre
  7526 | D:6      | Found a transporter.
  7532 | D:6      | Noticed Dowan
  7578 | D:6      | Killed Dowan
  7740 | D:6      | Noticed Duvessa
  8117 | D:6      | Killed Duvessa
  8135 | D:6      | Identified the +11 rapier of the Spider {vorpal, Will+}
  8375 | D:7      | Reached skill level 10 in Spellcasting
  8393 | D:7      | Reached skill level 1 in Short Blades
  8596 | D:7      | Reached XP level 9. HP: 45/45 MP: 12/25
  9335 | D:7      | Found a broken altar of Ashenzari.
  9353 | D:7      | Found a blossoming altar of Fedhas.
  9735 | D:7      | Found a sparkling altar of Nemelex Xobeh.
  9866 | D:7      | Reached * piety under Vehumet
  9866 | D:7      | Offered knowledge of Shock by Vehumet.
  9867 | D:7      | Noticed Maggie
  9877 | D:7      | Killed from afar by Maggie

Illustrated notes

Levels and vault maps discovered:
D:1:      dpeg_arrival_more_subterranean_lakeside_camping, layout_basic,
          shapermc_ecumenical_altar_acropolis, item_on_display_a
D:2:      layout_loops_ring, minmay_misc_feat_rugged, uniq_robin
D:3:      layout_rooms, mainiacjoe_overflow_cross_hatched,
          chequers_temple_overflow_minitemple, serial_co_window_serial,
          co_window_paths_a, co_window_of_opportunity_a, co_window_paths_a,
          co_window_corner_a, co_window_corner_a, co_window_corner_a,
          co_window_paths_b, co_window_corner_a, co_window_paths_b,
          co_window_unsneaky_path_b, co_window_of_opportunity_b,
          co_window_corner_b, co_window_paths_c, glass_columns_a,
          glass_columns_c, glass_columns_a, glass_columns_a, glass_columns_a,
          hangedman_decor_growths, kennysheep_generic_room_11
D:4:      layout_cave_pools, elyvilon_altar_1, chequers_serial_rivers_large_a,
          minivault_19, kennysheep_potato, uniq_natasha
D:5:      lemuel_insect_pit, layout_basic, serial_shops, nicolae_square_shop,
          lightli_sewer_entry_pipes, hangedman_decor_riveting,
          uniq_crazy_yiuf_cottage
D:6:      layout_rooms, led_xom_imps, mainiacjoe_overflow_concentric_impassable,
          minmay_temple_entry_gardened_gates, serial_shops, shop,
          gammafunk_ghost_smash, uniq_duvessa
D:7:      layout_cave_pools, nemelex_dance_club_becter,
          mainiacjoe_overflow_large_starburst, serial_gnoll_camp,
          gnoll_camp_huts_basic, gnoll_camp_mini_doghouse, gnoll_camp_medium_02,
          gnoll_camp_mini_hut, gnoll_camp_mini_sergeant, bh_walls_and_bars,
          uniq_maggie
Temple:   dpeg_chambers_temple

Skill      XL: |  1  2  3  4  5  6  7  8  9 |
---------------+----------------------------+-----
Spellcasting   | 4 5 6 8 10 | 10.9
Conjurations   | 5 6 8 9 |  9.3
Translocations | 2 4 6 |  6.0
Short Blades   | 1 3 |  3.4
Dodging        | |  2.4
Stealth        | |  2.4

Action                   |  1- 3 |  4- 6 |  7- 9 || total
-------------------------+-------+-------+-------++-------
Melee: Staff             |       |       |     5 ||     5
 Cast: Magic Dart        |    44 |    57 |   109 ||   210
       Searing Ray       |    10 |    25 |    53 ||    88
       Iskenderun's Myst |       |     4 |    20 ||    24
  Use: Scroll            |       |     8 |     5 ||    13
       Potion            |       |     2 |     3 ||     5
Armor: Robe              |     2 |     3 |    12 ||    17
Dodge: Dodged            |     2 |     6 |    38 ||    46
Block: Buckler           |     4 |       |       ||     4

Table legend: (Time is in decaauts)
 A = Elapsed time spent in this place.
 B = Non-inter-level travel time spent in this place.
 C = Inter-level travel time spent in this place.
 D = Time resting spent in this place.
 E = Time spent auto-exploring this place.
 F = Levels seen in this place.
 G = Mean time per level.
                   A        B        C        D        E       F      G
               +--------+--------+--------+--------+--------+-----+--------+
         Total |   9965 |   9794 |    171 |   1376 |   7017 |   9 | 1107.2 |
       Dungeon |   9019 |   8883 |    136 |   1158 |   6495 |   7 | 1288.4 |
        Temple |    246 |    211 |     35 |      0 |    194 |   1 |  246.0 |
         Sewer |    699 |    699 |      0 |    218 |    328 |   1 |  699.0 |
               +--------+--------+--------+--------+--------+-----+--------+

Top non-repeatable levels by time:
     D:5: 1862 daAuts
     D:6: 1490 daAuts
     D:4: 1256 daAuts
     D:3: 1225 daAuts
     D:7: 1129 daAuts
     D:1: 1120 daAuts
     D:2: 934 daAuts
   Sewer: 699 daAuts
  Temple: 246 daAuts
